 Dungeon Crawl Stone Soup version 0.28-a0-1234-g826d19b2e0 (webtiles) character file.

Game seed: 3040430956281843101

111 anonymouscript the Sneak (level 4, -3/23 HPs)
             Began as a Spriggan Brigand on Dec 23, 2021.
             Splashed by a jelly's acid (6 damage)
             ... on level 4 of the Dungeon.
             The game lasted 00:19:28 (2158 turns).

anonymouscript the Sneak (Spriggan Brigand)         Turns: 2158, Time: 00:19:31

Health: -3/23      AC:  0    Str:  7    XL:     4   Next: 62%
Magic:  5/5        EV: 17    Int: 12    God:
Gold:   159        SH:  0    Dex: 18    Spells: 3/3 levels left

rFire   + . .      SeeInvis +   a - +2 dagger
rCold   . . .      Faith    .   (shield restricted)
rNeg    . . .      Spirit   .   m - +1 robe {rF+}
rPois   .          Reflect  .   (helmet restricted)
rElec   .          Harm     .   c - +0 cloak
rCorr   .          Rampage  .   (gloves unavailable)
Will    .....                   (boots unavailable)
Stlth   ++++......              (no amulet)
HPRegen 0.07/turn               (no ring)
MPRegen 0.09/turn               (no ring)

@: corroded, very quick
A: very small, no large weapons, unfitting armour, see invisible, speed 3
a: no special abilities


You were on level 4 of the Dungeon.
You visited 1 branch of the dungeon, and saw 5 of its levels.

You collected 159 gold pieces.

Inventory:

Hand Weapons
 a - a +2 dagger (weapon)
 w - a +4 morningstar
Missiles
 d - 14 poisoned darts (quivered)
 e - a curare-tipped dart
 i - 2 javelins
 n - 4 boomerangs
 r - 22 sling bullets
 v - 18 arrows
 x - 16 stones
Armour
 b - a +0 robe
 c - a +0 cloak (worn)
 g - a +0 pair of gloves
 m - a +1 robe of fire resistance (worn)
 y - a +0 helmet
 A - a +0 ring mail
 C - a +0 pair of gloves
Magical Staves
 k - a staff of fire
Jewellery
 q - a ring of positive energy
Scrolls
 f - 2 scrolls of acquirement {unknown}
 h - 4 scrolls of identify {unknown}
 j - a scroll of enchant armour {unknown}
 o - a scroll of fog {unknown}
 s - a scroll of noise {unknown}
 B - a scroll of vulnerability {unknown}
Potions
 l - a potion of might {unknown}
 p - a potion of lignification {unknown}
 t - a potion of cancellation {unknown}
 u - a potion of curing {unknown}
 z - a potion of invisibility {unknown}


   Skills:
 + Level 1.9 Fighting
 + Level 2.9 Short Blades
 + Level 3.2 Throwing
 + Level 1.7 Dodging
 + Level 7.3 Stealth


You had 3 spell levels left.
You didn't know any spells.
Your spell library contained the following spells:

 Spells                   Type           Power      Damage    Failure   Level
 Gell's Gravitas          Tloc           0%         N/A       69%         3
 Lesser Beckoning         Tloc           0%         N/A       69%         3
 Teleport Other           Tloc           0%         N/A       69%         3


Dungeon Overview and Level Annotations

Branches:
Dungeon (5/15)
 Temple: D:4-7

Altars:


Innate Abilities, Weirdness & Mutations

You are very small and have problems with some larger weapons.
You are too small for most types of armour.
You have supernaturally acute eyesight. (SInv)
You cover ground extremely quickly. (Speed+++)


Message History

You throw a poisoned dart. The poisoned dart hits the jelly.
Throw: 18 darts (poison)
Press: ? - help, Q - select action, (/) - cycle Shift-Dir - straight line, f/p - jelly
Aim: a jelly (moderately wounded, poisoned, 90% to hit)
You throw a poisoned dart. The poisoned dart hits the jelly.
The jelly looks even sicker.
The jelly is moderately wounded.
Throw: 17 darts (poison)
Press: ? - help, Q - select action, (/) - cycle Shift-Dir - straight line, f/p - jelly
Aim: a jelly (moderately wounded, very poisoned, 90% to hit)
You throw a poisoned dart.
The poisoned dart completely misses the jelly.
Throw: 16 darts (poison)
Press: ? - help, Q - select action, (/) - cycle Shift-Dir - straight line, f/p - jelly
Aim: a jelly (heavily wounded, very poisoned, 90% to hit)
You throw a poisoned dart. The poisoned dart hits the jelly.
The jelly looks even sicker.
The jelly is heavily wounded.
A goblin comes into view. It is wielding a +0 club.
The jelly jiggles.
The goblin shouts!
Throw: 15 darts (poison)
Press: ? - help, Q - select action, (/) - cycle Shift-Dir - straight line, f/p - jelly
Aim: a jelly (heavily wounded, very poisoned, 90% to hit)
You throw a poisoned dart. The poisoned dart hits the jelly.
The jelly is heavily wounded.
You hit the jelly.
Your hands burn!
The jelly is heavily wounded.
The jelly barely misses you.
You hit the jelly. The acid corrodes you!
Your hands burn!
The jelly is almost dead.
The jelly hits you.
You are splashed with acid!
* * * LOW HITPOINT WARNING * * *
You hit the jelly but do no damage.
Your hands burn!
* * * LOW HITPOINT WARNING * * *
The jelly is almost dead.
The jelly hits you.
* * * LOW HITPOINT WARNING * * *
You are splashed with acid.
You die...

............### #. ##.##..
...........## . #..##..
...........# #. #..##..
...........# . #..###.
..........## #.#o.# #.
#########..###### #.#.## ##
##..##..## #..# # ##
#........## ######.##
#((.##...(.(J@.# #..(.....##
#.(((.(....#.g.............##
#..........##....##..........##
#.(.......###....###...........
#........## #..#.# ##........#>
#.$....... #..##.# #.........#
#.......... #..# ## ##.........
........... #.## ##........
............ ##.........


You could see a jelly (very poisoned) and a goblin.

Vanquished Creatures
  A hound skeleton (D:4)
  Robin (D:2)
  A gnoll (D:2)
  An adder (D:2)
  3 dart slugs
  An orc (D:4)
  5 ball pythons
  3 bats
  4 endoplasms
  3 giant cockroaches
  8 goblins
  10 hobgoblins
  2 jackals (D:2)
  A quokka (D:2)
  3 frilled lizards
  4 kobolds
  3 rats
54 creatures vanquished.

Notes
Turn   | Place    | Note
-------+----------+-------------------------------------------
     0 | D:1      | anonymouscript the Spriggan Brigand began the quest for the
                  | Orb.
     0 | D:1      | Reached XP level 1. HP: 10/10 MP: 2/2
   150 | D:1      | Reached skill level 6 in Stealth
   287 | D:1      | Reached XP level 2. HP: 14/14 MP: 3/3
   661 | D:2      | Noticed Robin
   676 | D:2      | Found a faded altar of an unknown god.
   733 | D:2      | Reached XP level 3. HP: 9/18 MP: 4/4
   797 | D:2      | Killed Robin
   798 | D:2      | Reached skill level 7 in Stealth
  1572 | D:2      | Reached XP level 4. HP: 23/23 MP: 5/5
  1833 | D:5      | Entered Level 5 of the Dungeon
  1845 | D:5      | Noticed a kobold brigand
  2158 | D:4      | Splashed by a jelly's acid

Illustrated notes

Levels and vault maps discovered:
D:1:      dpeg_arrival_central, layout_basic, serial_forest,
          infiniplex_forest_end_2, infiniplex_forest_zigzag_1,
          infiniplex_forest_lined_room_2, infiniplex_forest_corner_1,
          infiniplex_forest_clump_double, infiniplex_forest_corner_2,
          minmay_heptomino_o4
D:2:      layout_rooms, chequers_ecumenical_altar_simple_redux, serial_rivers,
          chequers_serial_rivers_large_b, chequers_serial_rivers_small_a,
          chequers_serial_rivers_small_b, chequers_serial_rivers_room_b,
          chequers_serial_rivers_micro_d, hangedman_decor_peaks_small,
          kennysheep_generic_room_2, uniq_robin
D:3:      layout_rooms, mainiacjoe_overflow_alcove_2, uniq_natasha, uniq_grinder
D:4:      layout_cave_pods, nicolae_shop_fire_sale [nicolae_sub_dead_trees],
          grunt_ministairs_10, abandoned_shop
D:5:      layout_cave_pods, gup_sewer_entry_bowl

Skill      XL: |  1  2  3  4 |
---------------+-------------+-----
Stealth        | 6 7 |  7.3
Throwing       | 3 |  3.2
Fighting       | |  1.9
Short Blades   | |  2.9
Dodging        | |  1.7

Action                   |  1- 3 |  4- 6 || total
-------------------------+-------+-------++-------
Melee: Dagger            |    47 |    25 ||    72
Throw: Dart              |    61 |    32 ||    93
 Stab: Sleeping          |    11 |     6 ||    17
Armor: Robe              |     4 |     3 ||     7
Dodge: Dodged            |    22 |    21 ||    43

Table legend: (Time is in decaauts)
 A = Elapsed time spent in this place.
 B = Non-inter-level travel time spent in this place.
 C = Inter-level travel time spent in this place.
 D = Time resting spent in this place.
 E = Time spent auto-exploring this place.
 F = Levels seen in this place.
 G = Mean time per level.
                   A        B        C        D        E       F      G
               +--------+--------+--------+--------+--------+-----+--------+
         Total |   1518 |   1508 |     10 |      8 |    616 |   5 |  303.6 |
       Dungeon |   1518 |   1508 |     10 |      8 |    616 |   5 |  303.6 |
               +--------+--------+--------+--------+--------+-----+--------+

Top non-repeatable levels by time:
     D:2: 786 daAuts
     D:1: 408 daAuts
     D:4: 207 daAuts
     D:3: 98 daAuts
     D:5: 18 daAuts
